Unix NetHack Version 3.7.0-94 Work-in-progress - last build Dec 18 2023 00:11:04 (7e3deff068b9ef4f2ebb9a71ea0f5c4a3b578a14,branch:master). Game began 2023-12-23 18:19:38, ended 2023-12-24 08:50:54. elenmirie, neutral female human Tourist - --.. --...- |...-- |..... |..#-- #- .| --.-- |.h-- --q.| --@.-- --....- ........ --........ |.... ... ... Elenmirie the Excursionist St:14 Dx:10 Co:17 In:13 Wi:8 Ch:17 Neutral Dlvl:5 $:661 HP:0(67) Pw:23(23) AC:2 Xp:7/936 T:6689 Burdened Latest messages: The rothe hits Coco. The rothe misses Coco. The rothe misses Coco. The rothe hits! The rothe bites! The rothe misses! Coco misses the rothe. The dwarf wields a broad short sword! You miss the dwarf. The rothe misses! The rothe bites! The rothe bites again! Coco drops a thonged club. Coco bites the rothe. The rothe misses Coco. The rothe misses Coco. The rothe misses Coco. The dwarf thrusts her broad short sword. The dwarf misses! Coco bites it. The dwarf thrusts her broad short sword. The dwarf hits! Coco bites it. The dwarf thrusts her broad short sword. The dwarf misses! The rothe hits! The rothe just misses! The rothe just misses! Coco picks up a thonged club. The dwarf thrusts her broad short sword. The dwarf hits! Coco misses the dwarf. You hear some noises. You hit the rothe. The rothe hits! The rothe bites! The rothe bites again! You hear some noises in the distance. You hear some noises. You miss the rothe. The rothe hits! The rothe bites! The rothe bites again! The rothe hits! You die... Do you want your possessions identified? [ynq] (y) y Do you want to see your attributes? [ynq] (y) y Do you want an account of creatures vanquished? [ynaq] (y) y Do you want to see your conduct and achievements? [ynq] (y) y Do you want to see the dungeon overview? [ynq] (y) y Inventory: Coins $ - 661 gold pieces Weapons a - 15 uncursed +2 darts (at the ready) V - an uncursed corroded +2 dart G - 11 uncursed +0 shuriken n - an uncursed +0 mace Armor W - an uncursed +0 orcish helm (being worn) Z - an uncursed +0 pair of water walking boots (being worn) k - an uncursed +0 Hawaiian shirt with a toucan motif (being worn) R - an uncursed +0 dwarvish mithril-coat (being worn) Comestibles w - an uncursed apple e - 3 uncursed food rations b - an uncursed fortune cookie f - 5 uncursed tripe rations Scrolls c - an uncursed scroll of blank paper Q - an uncursed scroll of earth A - 2 cursed scrolls of earth s - 2 cursed scrolls of enchant weapon r - an uncursed scroll of genocide H - 2 uncursed scrolls of light j - a blessed scroll of magic mapping i - 3 uncursed scrolls of magic mapping D - an uncursed scroll of remove curse L - an uncursed scroll of scare monster Spellbooks E - an uncursed spellbook of force bolt B - an uncursed spellbook of magic missile Potions C - an uncursed potion of booze p - an uncursed potion of confusion t - a blessed potion of gain energy u - 2 uncursed potions of healing I - a cursed potion of healing K - an uncursed potion of monster detection z - an uncursed potion of object detection q - a blessed potion of see invisible v - 2 uncursed potions of water Rings F - an uncursed ring of fire resistance T - an uncursed ring of levitation Y - an uncursed ring of polymorph control O - an uncursed ring of searching Wands y - an uncursed wand of lightning (0:0) P - an uncursed wand of locking (0:3) X - an uncursed wand of polymorph (0:7) U - an uncursed wand of undead turning (0:5) o - an uncursed wand of undead turning (0:3) Tools d - a blessed brass lantern (lit) m - an uncursed credit card l - an uncursed expensive camera (0:48) x - an uncursed towel M - a blessed wax candle h - 2 uncursed wax candles Gems/Stones J - an uncursed flint stone Elenmirie the Tourist's attributes: Background: You were an Excursionist, a level 7 female human Tourist. You were neutral, on a mission for The Lady who was opposed by Blind Io (lawful) and Offler (chaotic). You were right-handed. You were in the Gnomish Mines, on level 5. You entered the dungeon 6689 turns ago. You had 936 experience points, 344 more were needed to attain level 8. Basics: You had 0 out of 67 hit points. You had all 23 energy points (spell power). Your armor class was 2. Your wallet contained 661 zorkmids. Autopickup was on for '$' plus thrown. Final Characteristics: Your strength was 14 (limit:18/100). Your dexterity was 10 (peak:11, limit:18). Your constitution was 17 (limit:18). Your intelligence was 13 (limit:18). Your wisdom was 8 (limit:18). Your charisma was 17 (limit:18). Final Status: You weren't hungry. You were burdened; movement was slightly slowed. You were bare handed. You were unskilled in bare handed combat. Final Attributes: You were piously aligned. You were telepathic. You could walk on water. You were guarded. You are dead. Miscellaneous: You never encountered a bones level. Total elapsed playing time was 48 minutes and 48 seconds. Major events: Turn 1: elenmirie the neutral female human Tourist entered the dungeon 1208: entered the Gnomish Mines 1430: attained the rank of Sightseer (level 3) 2901: entered Sokoban 3258: completed 1st Sokoban level 3570: attained the rank of Excursionist (level 6) 3863: completed 2nd Sokoban level 4543: completed 3rd Sokoban level 6689: killed by a rothe Vanquished creatures: a ghost a large mimic 2 ettin zombies a spotted jelly a giant spider a vampire bat a dingo 2 snakes 4 apes a human zombie a water nymph 2 mountain nymphs a rock piercer a yellow light a violet fungus 5 gnome leaders a kobold mummy a straw golem a paper golem a little dog a floating eye 4 dwarves a homunculus a kobold leader 4 rothes a rabid rat a centipede 2 giant bats a monkey 2 dwarf zombies 4 iguanas 7 killer bees 2 acid blobs a hobbit a large kobold a hobgoblin a giant rat 2 yellow molds 13 gnomes a gnome zombie 4 geckos 7 jackals 2 foxes a kobold a goblin a sewer rat a grid bug 4 bats 7 lichens 2 kobold zombies 4 newts 115 creatures vanquished. No species were genocided or became extinct. Voluntary challenges: You read items or engraved 2 times. You never engraved Elbereth. You never genocided any monsters. You never polymorphed an object. You never changed form. You used no wishes. You did not violate any of the special Sokoban rules. Achievements: You entered the Gnomish Mines. You attained the rank of Sightseer. You entered a shop. You entered Sokoban. You attained the rank of Excursionist. The Dungeons of Doom: levels 1 to 6 Level 1: A fountain. Level 2: Level 3: A fountain. Stairs down to The Gnomish Mines. Level 4: A fountain. Level 5: Many fountains. Oracle of Delphi. Level 6: A weapon shop, some fountains. Stairs up to Sokoban, level 5. The Gnomish Mines: levels 4 to 5 Level 4: Level 5: <- You were here. Final resting place for you, killed by a rothe. Sokoban: levels 5 up to 2 Level 2: Unsolved. Level 3: Solved. Level 4: Solved. Level 5: Solved. Game over: ---------- / \ / REST \ / IN \ / PEACE \ / \ | elenmirie | | 661 Au | | killed by a | | rothe | | | | | | 2023 | *| * * * | * _________)/\\_//(\/(/\)/\//\/|_)_______ Aloha elenmirie the Tourist... You died in The Gnomish Mines on dungeon level 5 with 4746 points, and 661 pieces of gold, after 6689 moves. You were level 7 with a maximum of 67 hit points when you died.